AoeStats
← Notgreat Notterrible

Arena

509160194Analyzed
4v4 RM · 6d ago on Sep 25, 2026· 72m 19s· 8 players
Game mode
Random Map
Map size
Large (8 player)
Population
200
Speed
Normal
Resources
Standard
Victory
Conquest
Starting age
Dark Age
Ending age
Imperial Age
RankedLock teamsTeams togetherTeam positionsShared explorationLock speedFull tech treeHidden civsTurbo modeCheats
Victory
Defeat
🇩🇪 Britons · Germany
821
+12
🇳🇱 Koreans · Netherlands
812
+12
🇧🇷 Franks · Brazil
785
+13
🇩🇰 Franks · Denmark
586
+21
🇳🇱 Italians · Netherlands
755
-16
🇦🇷 Danes · Argentina
731
-15
🇨🇿 Khmer · Czechia
717
-14
🇦🇺 Japanese · Australia
689
-13
Catholic King ArmandoNL
2:19 Loom
11:21 Feudal Age
11:47 Double-Bit Axe
11:44 Horse Collar
20:43 Castle Age
21:57 Bow Saw
21:48 Heavy Plow
21:40 Stone Mining
21:40 Gold Mining
30:00 Wheelbarrow
29:11 Town Watch
36:56 Imperial Age
34:44 Hand Cart
34:29 Town Patrol
34:33 Town Patrol
35:06 Pikeman
36:52 Sanctity
37:35 Capped Ram
39:48 Conscription
46:39 Cavalier
46:39 Light Cavalry
47:20 Husbandry
47:31 Bloodlines
53:39 Hussar
57:34 Scale Barding Armor
57:29 Scale Mail Armor
57:30 Padded Archer Armor
57:20 Fletching
57:41 Forging
58:29 Hoardings
57:32 Elite Skirmisher
58:18 Thumb Ring
59:20 Squires
59:06 Arson
60:02 Chain Barding Armor
59:57 Chain Mail Armor
59:58 Leather Archer Armor
61:25 Block Printing
61:20 Fervor
61:25 Redemption
61:42 Illumination
62:48 Chemistry
61:59 Fortified Wall
61:46 Murder Holes
62:11 Ballistics
62:01 Masonry
61:37 Arrowslits
65:00 Plate Barding Armor
64:40 Chain Mail Armor
64:41 Leather Archer Armor
64:21 Bodkin Arrow
Balasar
10:27 Feudal Age
11:04 Double-Bit Axe
13:48 Horse Collar
19:05 Castle Age
17:21 Man-at-Arms
19:29 Long Swordsman
20:01 Gambesons
20:24 Stone Mining
20:27 Gold Mining
22:34 Wheelbarrow
23:08 Bow Saw
26:22 Forging
26:31 Heavy Plow
27:02 Scale Mail Armor
28:54 Ballistics
29:12 Iron Casting
28:54 Chain Mail Armor
28:51 Squires
28:37 Arson
34:24 Imperial Age
31:40 Town Watch
35:05 Gold Shaft Mining
35:11 Stone Shaft Mining
34:44 Capped Ram
34:50 Two-Handed Swordsman
36:23 Hand Cart
35:41 Elite Jomsviking
36:51 Conscription
37:21 Siege Ram
38:48 Onager
39:34 Champion
40:06 Elite Varangian Guard
42:33 Chemistry
41:44 Town Patrol
45:47 Siege Onager
50:27 Caravan
51:59 Northmen's Fury
Brown Sugar
11:53 Feudal Age
11:23 Loom
12:55 Horse Collar
13:01 Double-Bit Axe
13:11 Gold Mining
13:33 Stone Mining
16:00 Castle Age
16:44 Wheelbarrow
17:04 Bow Saw
24:07 Gold Shaft Mining
24:47 Hand Cart
24:18 Town Watch
25:18 Heavy Plow
25:35 Forging
25:26 Scale Mail Armor
32:07 Imperial Age
30:49 Iron Casting
30:29 Chain Mail Armor
30:55 Chain Mail Armor
30:25 Treadmill Crane
30:42 Murder Holes
30:57 Masonry
31:57 Town Patrol
32:16 Fortified Wall
33:17 Kataparuto
33:18 Conscription
33:09 Siege Engineers
34:05 Chemistry
33:40 Plate Mail Armor
34:10 Two-Man Saw
33:37 Pikeman
34:18 Squires
34:04 Arson
35:22 Blast Furnace
35:09 Padded Archer Armor
35:20 Halberdier
37:37 Hoardings
37:57 Ballistics
37:28 Fletching
37:54 Leather Archer Armor
38:33 Bodkin Arrow
39:57 Ring Archer Armor
39:08 Elite Skirmisher
39:57 Thumb Ring
39:54 Bracer
50:19 Guard Tower
50:15 Arrowslits
50:32 Yasama
52:30 Keep
53:51 Man-at-Arms
54:17 Gambesons
54:01 Crossbowman
54:41 Long Swordsman
54:43 Arbalester
Notgreat Notterrible
0:28 Loom
11:24 Feudal Age
11:54 Town Watch
12:28 Double-Bit Axe
12:48 Horse Collar
16:40 Gold Mining
17:24 Stone Mining
20:45 Castle Age
21:02 Castle Age
21:32 Forging
22:18 Town Patrol
22:45 Bow Saw
22:40 Heavy Plow
23:21 Stone Shaft Mining
29:05 Fortified Wall
28:51 Murder Holes
29:17 Ballistics
29:52 Gold Shaft Mining
31:28 Scale Barding Armor
31:23 Scale Mail Armor
31:23 Padded Archer Armor
31:14 Fletching
31:59 Iron Casting
31:53 Masonry
33:43 Heated Shot
34:17 Chain Barding Armor
34:12 Chain Mail Armor
34:13 Leather Archer Armor
34:48 Caravan
36:57 Wheelbarrow
39:50 Imperial Age
40:00 Imperial Age
40:31 Bodkin Arrow
40:11 Heavy Scorpion
40:54 Double Crossbow
41:18 Conscription
41:34 Hoardings
40:48 Arson
40:24 Pikeman
41:39 Crop Rotation
42:15 Chemistry
41:21 Siege Engineers
41:46 Architecture
41:54 Plate Barding Armor
41:50 Ring Archer Armor
41:20 Bracer
42:20 Blast Furnace
41:52 Halberdier
44:16 Husbandry
44:28 Bloodlines
43:41 Light Cavalry
43:44 Elite Battle Elephant
49:16 Hussar
Houfnice Hero
0:40 Loom
12:49 Feudal Age
15:17 Double-Bit Axe
15:26 Stone Mining
15:27 Gold Mining
16:33 Wheelbarrow
17:54 Horse Collar
24:39 Castle Age
25:49 Fletching
25:24 Crossbowman
26:10 Thumb Ring
29:44 Town Watch
30:26 Bodkin Arrow
31:20 Eupseong
32:12 Pikeman
32:55 Squires
32:41 Arson
33:09 Forging
33:32 Heavy Plow
35:21 Hand Cart
38:22 Ballistics
39:32 Fortified Wall
39:18 Murder Holes
39:35 Masonry
42:50 Imperial Age
42:30 Caravan
44:03 Shinkichon
43:50 Bracer
45:01 Chemistry
45:15 Conscription
48:21 Siege Engineers
48:47 Architecture
48:05 Arrowslits
49:29 Arbalester
54:12 Guilds
54:31 Guilds
55:15 Treadmill Crane
60:19 Heavy Rocket Cart
63:34 Elite War Wagon
66:35 Stone Shaft Mining
66:36 Gold Shaft Mining
69:58 Bow Saw
70:10 Town Patrol
69:35 Spies/Treason
SHiRoNix
11:37 Feudal Age
12:39 Double-Bit Axe
15:36 Castle Age
13:49 Horse Collar
18:41 Bow Saw
19:03 Heavy Plow
21:08 Wheelbarrow
24:40 Hand Cart
25:16 Loom
26:13 Gold Mining
26:13 Stone Mining
27:39 Caravan
32:10 Imperial Age
30:41 Gold Shaft Mining
31:08 Town Watch
32:51 Fletching
33:01 Padded Archer Armor
32:28 Elite Longbowman
33:42 Yeomen
33:44 Conscription
34:17 Bodkin Arrow
34:37 Leather Archer Armor
35:30 Chemistry
34:58 Ballistics
35:09 Bracer
35:23 Forging
35:13 Scale Mail Armor
36:38 Two-Man Saw
35:50 Town Patrol
36:35 Ring Archer Armor
35:55 Treadmill Crane
36:02 Arrowslits
36:29 Masonry
36:25 Siege Engineers
36:15 Murder Holes
36:31 Fortified Wall
39:17 Chain Mail Armor
39:38 Iron Casting
41:17 Plate Mail Armor
42:32 Warwolf
49:16 Blast Furnace
48:22 Scale Barding Armor
48:37 Man-at-Arms
49:02 Gambesons
51:02 Long Swordsman
52:04 Chain Barding Armor
52:29 Two-Handed Swordsman
53:10 Squires
52:57 Arson
54:33 Plate Barding Armor
53:20 Champion
64:29 Architecture
65:20 Husbandry
64:41 Cavalier
64:42 Light Cavalry
67:46 Capped Ram
drdiegogusmao
1:20 Loom
2:36 Loom
10:37 Feudal Age
12:01 Double-Bit Axe
19:12 Castle Age
18:08 Gold Mining
18:08 Stone Mining
18:34 Forging
20:06 Bow Saw
20:17 Caravan
20:48 Coinage
21:04 Coinage
23:49 Wheelbarrow
25:01 Scale Mail Armor
27:58 Iron Casting
28:32 Hand Cart
28:03 Town Watch
29:08 Scale Barding Armor
30:19 Chain Mail Armor
35:53 Imperial Age
34:24 Husbandry
34:46 Chain Barding Armor
34:51 Padded Archer Armor
34:50 Light Cavalry
35:58 Town Patrol
36:22 Squires
36:08 Arson
36:49 Ballistics
36:40 Masonry
37:06 Cavalier
38:09 Conscription
37:49 Chivalry
39:15 Hoardings
39:42 Blast Furnace
39:13 Plate Mail Armor
39:08 Ordonnance Companies
40:45 Banking
41:00 Architecture
40:35 Siege Engineers
40:11 Treadmill Crane
41:33 Chemistry
40:47 Elite Throwing Axeman
42:22 Plate Barding Armor
42:17 Plate Mail Armor
43:37 Plate Mail Armor
43:23 Leather Archer Armor
42:58 Fletching
43:48 Murder Holes
43:39 Arrowslits
44:09 Paladin
45:58 Bodkin Arrow
51:45 Gold Shaft Mining
71:05 Fervor
71:10 Block Printing
71:21 Illumination
70:51 Herbal Medicine
71:33 Theocracy
70:58 Devotion
71:19 Sanctity
71:19 Heresy
70:53 Guard Tower
71:14 Fortified Wall
Coyote
0:41 Loom
13:35 Feudal Age
14:01 Double-Bit Axe
15:06 Stone Mining
15:08 Gold Mining
24:06 Castle Age
25:02 Caravan
25:33 Coinage
26:27 Gold Shaft Mining
26:05 Bow Saw
28:42 Wheelbarrow
27:52 Town Watch
32:07 Imperial Age
30:00 Husbandry
30:10 Scale Barding Armor
30:06 Scale Mail Armor
30:16 Forging
31:48 Hand Cart
31:34 Town Patrol
31:58 Chain Barding Armor
31:53 Chain Mail Armor
34:18 Cavalier
35:39 Banking
36:18 Iron Casting
36:16 Plate Mail Armor
36:34 Plate Barding Armor
38:04 Blast Furnace
37:49 Paladin
39:01 Ordonnance Companies
Connection lost

Rejoining the realm…

Still unreachable

The connection could not be restored.

Session expired

The server has moved on; the page needs a fresh start.